cohdb
Replays
Latest Replays
All Replays
Popular Replays
Top Player Replays
Match Explorer
How It Works
Community
CoH3 Stats
Reddit
Sign in to upload your games and track your stats! →
Sign in with Steam
Match 24611129
Unlisted
Match 24611129
Overview
Messages
Build Orders
End
Vickers Machine Gun Team
Construct Section Command Post
Selects Air and Sea Battlegroup
Infantry Section
Infantry Section
Infantry Section
Grenade Package
Construct Platoon Command Post
CMP 15cwt Truck
Selects Commando Section Paradrop
gb_gbg
SneaKerz
mfluder
RV
0
0
Comments
sign in to comment!
No comments posted yet!